 Dungeon Crawl Stone Soup version 0.30.1-3-gfc49f6343a (webtiles) character file.

Game seed: 14673946649212021066

83 KyoPewz the Cudgeller (level 4, 0/43 (44) HPs)
             Began as an Ogre Gladiator on Aug 3, 2023.
             Was a Follower of Uskayaw.
             Slain by Crazy Yiuf
             ... wielding a +2 quarterstaff of chaos
              (13 damage)
             ... on level 2 of the Dungeon.
             The game lasted 00:03:22 (2510 turns).

KyoPewz the Cudgeller (Ogre Gladiator)              Turns: 2510, Time: 00:03:22

HP:   0/43 (44)     AC:  3    Str: 20    XL:     4   Next: 44%
MP:   2/4           EV: 10    Int:  9    God:    Uskayaw [*.....]
Gold: 93            SH:  0    Dex: 10    Spells: 3/3 levels left

rFire   . . .        a - +0 flail
rCold   . . .        (no shield)
rNeg    . . .        b - +0 robe
rPois   .            c - +0 hat
rElec   .            (no cloak)
rCorr   .            (gloves unavailable)
SInv    .            (boots unavailable)
Will    .....        (no amulet)
Stlth   +            (no ring)
HPRegen 0.27/turn    (no ring)
MPRegen 0.09/turn

%: no passive effects
@: lightly drained
A: large, unfitting armour, tough skin 1
a: Renounce Religion, Stomp


You were on level 2 of the Dungeon.
You worshipped Uskayaw.
Uskayaw was noncommittal.
You visited 1 branch of the dungeon, and saw 2 of its levels.

You collected 93 gold pieces.

Inventory:

Hand Weapons
 a - a +0 flail (weapon)
Missiles
 d - 3 throwing nets (quivered)
 h - 11 stones
 j - 3 poisoned darts
Armour
 b - a +0 robe (worn)
 c - a +0 hat (worn)
Scrolls
 f - 3 scrolls of identify {unknown}
 i - a scroll of blinking {unknown}
 n - a scroll of noise {unknown}
 p - a scroll of amnesia {unknown}
Potions
 g - a potion of attraction {unknown}
 k - a potion of cancellation {unknown}
 l - a potion of ambrosia {unknown}
 m - 2 potions of heal wounds {unknown}
 o - a potion of might {unknown}
 q - 3 potions of curing {unknown}
 r - a potion of haste {unknown}


   Skills:
 - Level 2.6 Fighting
 + Level 4.6 Maces & Flails
 - Level 2.0 Throwing
 - Level 2.6 Dodging


You had 3 spell levels left.
You didn't know any spells.
Your spell library contained the following spells:

 Spells                   Type           Power      Damage    Failure   Level
 Ozocubu's Armour         Ice            0%         N/A       77%         3
 Metabolic Englaciation   Hex/Ice        0%         N/A       100%        5
 Simulacrum               Ice/Necr       0%         N/A       100%        6


Dungeon Overview and Level Annotations

Branches:
Dungeon (2/15)

Altars:
Uskayaw

Shops:
D:1 [

Annotations:
D:2 Crazy Yiuf


Innate Abilities, Weirdness & Mutations

You are too large for most types of armour.
You have tough skin. (AC +1)


Message History

No target in view!
You open the door.
There is an open door here.
You open the door.
There is an open door here.
You now have 93 gold pieces (gained 6).
You see here a +0 war axe.
There is a stone staircase leading down here.
There is a stone staircase leading up here.
Found a runed translucent door.
Crazy Yiuf shouts!
Press: ? - help, v - describe, . - travel
Here: Crazy Yiuf, wielding a +2 quarterstaff of chaos and wearing a +2 cloak (fire blocked by a runed translucent door)
The floor.
Unknown command.
Unknown command.
You open the door.
Throw: large rock
Press: ? - help, Shift-Dir - straight line, f - Crazy Yiuf
Aim: Crazy Yiuf, wielding a +2 quarterstaff of chaos and wearing a +2 cloak (61% to hit)
You throw a large rock. The large rock hits Crazy Yiuf.
Crazy Yiuf is lightly wounded.
Crazy Yiuf hits you with a +2 quarterstaff of chaos!
You feel your power leaking away.
Crazy Yiuf hits you with a +2 quarterstaff of chaos!
You feel drained.
You take 20 damage, and have 24/43 hp.
MASSIVE DAMAGE!!
You now have 2/4 mp.
You barely miss Crazy Yiuf.
Crazy Yiuf is lightly wounded.
Crazy Yiuf completely misses you.
You sock Crazy Yiuf!
Crazy Yiuf is severely wounded.
Crazy Yiuf barely misses you.
Crazy Yiuf twirls on the spot.
Crazy Yiuf hits you with a +2 quarterstaff of chaos!
You take 12 damage, and have 13/43 hp.
MASSIVE DAMAGE!!
You hit Crazy Yiuf but do no damage.
Crazy Yiuf is severely wounded.
Crazy Yiuf hits you with a +2 quarterstaff of chaos!
You die...

#.# #.......
#################.#####.......
#.............................
##.###################........
#.# #......... #.# ###.......
#.###### ### #.........
#......## ###..)# ##########
#.......####@g...# #
#.#......#..##...# #
#.##....#.### ### #
#.######### ########## #.#
#......... #.# ###### ######
########## #.# #....# #..#.# #
#.# #....# #..#.# #
##.####....####.#.############


You could see Crazy Yiuf.

Vanquished Creatures
  3 adders (D:2)
  2 worms (D:2)
  A dart slug (D:1)
  2 endoplasms (D:1)
  A giant cockroach (D:2)
  3 goblins (D:1)
  7 hobgoblins
  4 jackals
  2 quokkas (D:2)
  3 ball pythons
  4 bats
  5 frilled lizards
  5 kobolds
  8 rats
50 creatures vanquished.

Notes
Turn   | Place    | Note
-------+----------+-------------------------------------------
     0 | D:1      | KyoPewz the Ogre Gladiator began the quest for the Orb.
     0 | D:1      | Reached XP level 1. HP: 22/22 MP: 1/1
   103 | D:1      | Reached skill level 3 in Maces & Flails
   148 | D:1      | Found a faded altar of an unknown god.
   183 | D:1      | Reached XP level 2. HP: 21/29 MP: 2/2
   437 | D:1      | Found Fumil's Antique Armour Shop.
   651 | D:1      | Reached XP level 3. HP: 36/36 MP: 3/3
  1047 | D:2      | Reached skill level 4 in Maces & Flails
  1334 | D:2      | Found a hide-covered altar of Uskayaw.
  1350 | D:2      | Became a worshipper of Uskayaw the Reveller
  1377 | D:2      | Reached XP level 4. HP: 38/44 MP: 4/4
  1401 | D:2      | Reached * piety under Uskayaw
  2502 | D:2      | Found a runed translucent door.
  2503 | D:2      | Noticed Crazy Yiuf
  2510 | D:2      | Slain by Crazy Yiuf

Illustrated notes

Levels and vault maps discovered:
D:1:      wander_arrival_peaceful_grave, layout_loops_ring,
          dreamdust_ecumenical_altar_grove, serial_shops,
          nicolae_shop_window_shopping, amcnicky_mini_rare_corridor_liquid
D:2:      minmay_alternating_diamond, layout_basic, basic_altar,
          uniq_crazy_yiuf_cottage

Skill      XL: |  1  2  3 |
---------------+----------+-----
Maces & Flails | 3 4 |  4.6
Fighting       | |  2.6
Throwing       | |  2.0
Dodging        | |  2.6

Action                     |  1- 3 |  4- 6 || total
---------------------------+-------+-------++-------
  Melee: Flail             |   134 |    37 ||   171
         Punch             |       |     1 ||     1
  Throw: Large rock        |       |     1 ||     1
   Stab: Sleeping          |     1 |     1 ||     2
 Armour: Robe              |    45 |     4 ||    49
  Dodge: Dodged            |    77 |    22 ||    99
